 Dungeon Crawl Stone Soup version 0.18-a0-1229-ge9a1a01 (webtiles) character file.

12 4thArraOfDagon the Ducker (level 2, 0/16 HPs)
             Began as a Spriggan Abyssal Knight on Feb 4, 2016.
             Was an Initiate of Lugonu.
             Splashed by a jelly's acid (10 damage)
             ... on level 5 of the Dungeon.
             The game lasted 00:03:08 (549 turns).

4thArraOfDagon the Ducker (Spriggan Abyssal Knight)  Turns: 549, Time: 00:03:09

Health: 0/16       AC: -2    Str:  8    XL:     2   Next: 20%
Magic:  4/4        EV: 18    Int: 13    God:    Lugonu [......]
Gold:   21         SH:  0    Dex: 15    Spells: 0 memorised, 1 level left

rFire  . . .     SeeInvis +     a - +1 short sword
rCold  . . .     Gourm    .     b - +0 robe
rNeg   . . .     Faith    .     (shield restricted)
rPois  .         Spirit   .     (helmet restricted)
rElec  .         Dismiss  .     (no cloak)
rCorr  .         Reflect  .     (gloves unavailable)
SustAt .         Harm     .     (boots unavailable)
MR     .....                    (no amulet)
Stlth  ++........               (no ring)
                                (no ring)

@: corroded equipment, very quick, not resistant to hostile enchantments,
unstealthy
A: unfitting armour, see invisible, herbivore 3, speed 3, slow metabolism 2
a: Renounce Religion


You were on level 5 of the Dungeon.
You worshipped Lugonu.
Lugonu was noncommittal.
You were not hungry.

You visited 1 branch of the dungeon, and saw 5 of its levels.
You visited the Abyss 1 time.

You collected 21 gold pieces.

Inventory:

Hand Weapons
 a - a +1 short sword (weapon)
Armour
 b - a +0 robe (worn)
Wands
 i - a wand of random effects (34/48)
Scrolls
 f - a scroll of amnesia {unknown}
 j - a scroll of remove curse {unknown}
Potions
 d - a potion of haste
 e - a potion of brilliance {unknown}
 g - a potion of might
 h - a potion of flight {unknown}
Comestibles
 c - a bread ration


   Skills:
 - Level 2.4 Fighting
 * Level 2.9 Short Blades
 - Level 3.5 Dodging
 + Level 1.6 Stealth
 - Level 1.7 Invocations


You had one spell level left.
You didn't know any spells.

Dungeon Overview and Level Annotations

Branches:
Dungeon (5/15)
 Temple: D:4-7

Altars:


Innate Abilities, Weirdness & Mutations

You are tiny and cannot use many weapons and most armour.
You have supernaturally acute eyesight.
You are a herbivore.
You cover ground extremely quickly.
You need consume almost no food.


Message History

Found 17 poisoned needles.
Unknown command.
i - a wand of random effects
There are no items here.
You see here a scroll labeled GILUM ODGHA.
j - a scroll labeled GILUM ODGHA
There are no items here.
There is a stone staircase leading down here.
You climb downwards.
A jelly comes into view.
There is a stone staircase leading up here.
Unknown command.
Unknown command.
Unknown command.
The helpless jelly fails to defend itself.
You puncture the jelly! The acid corrodes you!
Your hands burn!
The jelly is almost dead.
The jelly hits you.
You are splashed with acid!
The acid burns!
Ouch! That really hurt!
You die...

##+##
#...##
#....##
#@..<.#
#..J......#
+.........+
#.........#
##.......##
##.....##
##...##
##+##


You could see a jelly.

Vanquished Creatures
  A giant gecko (D:1)
  A goblin (D:1)
  A hobgoblin (D:2)
  2 jackals (D:4)
  A kobold (D:3)
  2 bats
  A giant newt (D:4)
  A quokka skeleton (D:4)
  A rat (D:3)
11 creatures vanquished.

Notes
Turn   | Place    | Note
--------------------------------------------------------------
     0 | Abyss:1  | 4thArraOfDagon the Spriggan Abyssal Knight began the quest for the Orb.
     0 | Abyss:1  | Reached XP level 1. HP: 11/11 MP: 3/3
   118 | Abyss:2  | Noticed a flayed ghost
   128 | Abyss:2  | Noticed a raiju
   142 | Abyss:2  | Noticed a chaos spawn
   165 | Abyss:2  | Noticed an ancient zyme
   166 | Abyss:2  | Noticed a raiju
   186 | Abyss:2  | Noticed an ancient zyme
   191 | Abyss:2  | Noticed a raiju
   193 | D:1      | Escaped the Abyss
   338 | D:3      | Reached skill level 1 in Stealth
   442 | D:4      | Reached XP level 2. HP: 13/16 MP: 4/4
   545 | D:5      | Entered Level 5 of the Dungeon
   549 | D:5      | Splashed by a jelly's acid

Vault maps used:
D:1:      grunt_arrival_crossed_arrows
D:2:      grunt_decor_fettered, elyvilon_altar_5
D:3:      grunt_gozag_statues, uniq_robin, uniq_grinder
D:4:      st_stairs_7
D:5:      minmay_opposing_rooms, marbit_many_paths,
          amethyst_overflow_temple_binary, first_bread, kennysheep_cross_room
Abyss:2:  minivault_19

Action                   || total
-------------------------++-------
Melee: Short sword       ||    32
Invok: Depart the Abyss  ||     1
  Use: Scroll            ||     2
       Potion            ||     2
 Stab: Sleeping          ||     2
